Map: Ice and Chrome LE

Players

LiquidMaNa (MaNa)

  • Race: Protoss Protoss
  • League: Grandmaster
  • Spawn Location: 1:00

DnS - Winner!

  • Race: Protoss Protoss
  • Spawn Location: 7:00

Event: DreamHack SC2 Masters 2020 Summer Europe

VOD

Have the link to the VOD?

Description

Time

  • Played on: July 5, 2020, 1:27 p.m.
  • Length: 13:32

All games in this series

Show
View Real Time Build Order
Export as new Build Order

LiquidMaNa Protoss 

Build Orders: Zealot Archon 

Get SALT Encoding   

  12  0:00  Probe  
  13  0:12  Probe  
  14  0:17  Pylon  
  14  0:24  Probe  
  15  0:32  Probe  
  15  0:38  Gateway  
  15  0:40  Probe  
  16  0:45  Assimilator  
  17  0:51  Probe  
  17  0:54  Assimilator  
  18  0:59  Probe  
  19  1:07  Gateway, Probe  
  19  1:17  Probe  
  21  1:25  Cybernetics Core  
  21  1:29  Probe  
  22  1:33  Pylon  
  22  1:41  Probe  
  23  1:53  Probe  
  24  2:01  Stalker x2  
  24  2:02  Warp Gate  
  24  2:06  Probe  
  29  2:11  Pylon  
  29  2:31  Stalker x2  
  29  2:33  Probe  
  34  2:45  Probe  
  35  2:57  Nexus  
  34  3:00  Probe  
  35  3:06  Pylon  
  35  3:11  Sentry  
  35  3:12  Sentry  
  39  3:21  Probe  
  40  3:29  Probe  
  41  3:38  Forge, Probe  
  41  3:40  Twilight Council  
  42  3:50  Stalker, Probe  
  42  3:51  Protoss Ground Weapons Level 1  
  42  3:53  Pylon  
  45  3:59  Shield Battery  
  45  4:09  Probe x2  
  47  4:17  Probe  
  47  4:18  Blink  
  47  4:19  Probe  
  47  4:22  Phoenix  
  49  4:25  Probe  
  49  4:27  Probe  
  51  4:35  Probe  
  51  4:38  Probe  
  52  4:40  Robotics Facility  
  52  4:45  Assimilator  
  53  4:47  Probe  
  53  4:50  Probe  
  55  4:57  Gateway  
  55  4:59  Probe  
  56  5:00  Gateway  
  56  5:02  Probe  
  56  5:04  Pylon  
  57  5:11  Probe  
  58  5:14  Probe  
  59  5:22  Assimilator  
  59  5:23  Probe  
  59  5:26  Stalker x2, Probe  
  65  5:29  Observer  
  66  5:35  Probe  
  66  5:38  Probe  
  66  5:39  Pylon  
  66  5:41  Pylon, Protoss Ground Weapons Level 2  
  68  5:47  Probe  
  69  5:50  Pylon  
  69  5:53  Probe  
  70  5:58  Immortal  
  74  6:08  Gateway  
  74  6:09  Gateway  
  74  6:13  Nexus, Charge  
  74  6:19  Probe x2  
  76  6:31  Probe x2  
  78  6:37  Observer  
  78  6:38  Gateway  
  79  6:40  Gateway  
  79  6:43  Probe x2  
  81  6:47  Templar Archives  
  81  6:50  Observer  
  81  6:54  Immortal  
  81  6:55  Probe x2  
  83  7:01  Observer  
  83  7:02  Shield Battery  
  83  7:06  Zealot x3  
  89  7:16  Photon Cannon  
  89  7:20  Observer  
  89  7:22  Shield Battery  
  89  7:24  High Templar x2  
  89  7:26  Phoenix  
  89  7:28  Probe x2  
  95  7:30  Immortal  
  95  7:32  Probe  
  95  7:33  Assimilator, Archon  
  95  7:34  High Templar x2  
  95  7:35  Assimilator  
  104  7:40  Archon, Pylon  
  104  7:43  Protoss Ground Weapons Level 3  
  104  7:48  Gateway  
  104  7:49  Gateway  
  103  7:55  High Templar x2  
  103  7:56  Zealot  
  109  8:01  Gateway  
  109  8:02  Gateway  
  109  8:03  Gateway  
  109  8:05  Pylon  
  109  8:07  Archon  
  109  8:12  Warp Prism  
  111  8:21  Probe x2  
  113  8:28  High Templar x2  
  113  8:29  Zealot x2  
  113  8:33  Archon  
  121  8:36  Photon Cannon  
  121  8:38  Photon Cannon  
  121  8:48  Pylon  
  121  8:49  High Templar  
  121  8:50  High Templar  
  121  8:51  Pylon  
  121  8:53  Archon  
  125  9:00  Pylon  
  123  9:02  Pylon  
  123  9:06  Pylon  
  123  9:07  High Templar x2  
  123  9:08  Zealot x3  
  123  9:09  Zealot x2  
  137  9:12  Archon  
  137  9:13  Pylon  
  137  9:18  Zealot x3  
  137  9:23  Zealot x2  
  146  9:29  High Templar x2  
  150  9:32  Zealot x2  
  150  9:33  Archon  
  150  9:36  Zealot x2  
  158  9:48  High Templar  
  158  9:49  High Templar  
  158  9:51  Pylon  
  162  9:53  Archon, Pylon  
  162  9:59  Pylon  
  162  10:00  Nexus  
  162  10:01  Pylon  
  162  10:09  High Templar x2  
  162  10:13  Zealot x4  
  174  10:14  Archon  
  174  10:21  Pylon  
  174  10:41  Zealot x9  
  186  10:52  Immortal  
  182  11:00  Stalker x4  
  150  11:17  Stargate  
  150  11:19  Stargate  
  150  11:42  Immortal  
  150  11:44  Stargate  
  154  11:48  Zealot x4  
  154  11:49  Zealot x5  
  172  12:06  High Templar x4  
  180  12:11  Archon  
  180  12:12  Archon  
  180  12:13  Zealot x8  
  194  12:16  Phoenix  
  194  12:17  Phoenix  
  194  12:20  Phoenix  
  196  12:31  High Templar  
  196  12:36  Phoenix  
  198  12:37  High Templar  
  198  12:38  Pylon  
  198  12:39  Phoenix x2  
  194  12:53  Phoenix  
  194  12:54  Archon, High Templar x2  
  181  13:14  Zealot x3  
  181  13:15  Zealot x3  
  181  13:17  Archon  
  181  13:19  Zealot x2  
  133  13:20  Zealot x2  
Show
View Real Time Build Order
Export as new Build Order

DnS Protoss - Winner!

Build Orders: Blink Stalkers, Zealot Archon 

Get SALT Encoding   

  12  0:00  Probe  
  13  0:12  Probe  
  14  0:16  Pylon  
  14  0:23  Probe  
  15  0:31  Probe  
  15  0:36  Gateway  
  15  0:40  Probe  
  16  0:45  Assimilator  
  17  0:51  Probe  
  17  0:54  Assimilator  
  18  0:59  Probe  
  19  1:06  Gateway  
  19  1:08  Probe  
  19  1:18  Probe  
  20  1:24  Cybernetics Core  
  21  1:30  Probe  
  21  1:32  Pylon  
  22  1:42  Probe  
  23  1:54  Probe  
  23  2:00  Stalker x2  
  23  2:01  Warp Gate  
  28  2:11  Probe  
  28  2:12  Pylon  
  29  2:30  Stalker x2  
  33  2:49  Nexus  
  33  2:55  Probe  
  34  3:00  Sentry  
  34  3:01  Sentry  
  38  3:11  Pylon  
  38  3:15  Twilight Council  
  38  3:22  Probe  
  38  3:26  Shield Battery  
  39  3:32  Blink  
  39  3:34  Probe  
  40  3:47  Probe  
  41  3:51  Stalker x2  
  45  3:59  Probe  
  45  4:00  Probe  
  47  4:10  Probe  
  47  4:11  Robotics Facility, Probe  
  49  4:19  Probe  
  49  4:21  Probe  
  49  4:22  Phoenix  
  51  4:26  Shield Battery  
  51  4:27  Probe  
  51  4:34  Probe  
  53  4:38  Probe  
  53  4:43  Probe  
  53  4:45  Forge  
  54  4:50  Probe  
  54  4:51  Probe  
  56  4:55  Sentry  
  59  5:00  Probe  
  59  5:01  Observer  
  59  5:03  Probe  
  59  5:04  Protoss Ground Weapons Level 1  
  59  5:05  Gateway x2  
  62  5:07  Phoenix  
  62  5:10  Nexus  
  62  5:19  Pylon  
  62  5:25  Pylon  
  62  5:26  Charge  
  62  5:30  Assimilator  
  62  5:34  Assimilator  
  62  5:37  Probe x2  
  62  5:41  Phoenix  
  64  5:42  Gateway  
  64  5:44  Gateway  
  64  5:47  Observer  
  64  5:50  Probe x2  
  64  5:52  Gateway  
  64  5:54  Gateway  
  66  6:05  Stalker x2  
  66  6:10  Stalker, Phoenix  
  66  6:11  Stalker  
  74  6:12  Probe  
  74  6:17  Templar Archives  
  75  6:20  Probe  
  75  6:25  Probe  
  77  6:26  Probe  
  77  6:27  Shield Battery  
  77  6:32  Probe  
  79  6:37  Probe  
  79  6:39  Stalker x2  
  84  6:45  Phoenix, Probe x2  
  86  6:48  Zealot x3  
  86  6:50  Probe  
  93  6:54  Protoss Ground Weapons Level 2  
  93  7:01  Pylon  
  93  7:02  Pylon  
  93  7:04  Pylon  
  93  7:10  Observer  
  93  7:16  Pylon  
  93  7:18  Gateway x2  
  93  7:20  Probe x3  
  96  7:22  High Templar x2  
  96  7:23  Zealot x2  
  96  7:26  Phoenix  
  96  7:27  Archon  
  96  7:28  Zealot x2  
  108  7:36  Pylon  
  108  7:38  Pylon  
  108  7:39  Probe  
  108  7:40  Probe x2  
  111  7:46  Assimilator  
  111  7:53  Probe x2  
  111  7:54  High Templar  
  111  7:55  Assimilator, High Templar, Zealot x4  
  125  8:00  Archon  
  125  8:01  Warp Prism  
  127  8:08  Zealot x2  
  127  8:12  Photon Cannon  
  131  8:19  High Templar  
  133  8:23  Pylon x2  
  133  8:24  Pylon  
  133  8:29  Nexus  
  133  8:31  Pylon  
  133  8:39  Photon Cannon  
  133  8:41  Photon Cannon  
  133  8:43  High Templar x3  
  133  8:47  Archon x2  
  133  8:48  Observer  
  140  8:52  Zealot x4  
  148  9:02  Zealot  
  148  9:03  Zealot x2  
  148  9:05  Probe x3  
  148  9:09  Pylon x2  
  157  9:15  Robotics Bay  
  157  9:23  Robotics Facility  
  157  9:24  High Templar x2, Zealot x2  
  159  9:29  Probe x3  
  159  9:30  Protoss Ground Weapons Level 3, Archon  
  168  9:45  Zealot x4  
  172  9:46  Zealot  
  178  9:56  Disruptor  
  178  9:58  Dark Shrine  
  178  10:01  Photon Cannon  
  178  10:02  Photon Cannon, Disruptor, Shield Battery  
  184  10:18  Photon Cannon  
  184  10:19  Probe x3  
  184  10:20  Probe  
  186  10:30  Disruptor  
  186  10:32  Zealot  
  186  10:33  Zealot x2  
  195  10:39  Pylon  
  195  10:41  Pylon  
  181  10:50  Disruptor  
  181  10:54  Zealot x4  
  181  10:55  Zealot x5  
  151  11:05  Disruptor  
  151  11:09  Probe x3  
  144  11:17  Probe x2  
  145  11:23  High Templar x3  
  153  11:25  High Templar  
  153  11:26  Disruptor  
  153  11:27  Archon  
  153  11:29  Archon  
  158  11:43  Zealot x5  
  168  12:01  Warp Prism, Nexus  
  168  12:02  Pylon  
  168  12:04  Probe x3  
  168  12:07  Observer  
  173  12:11  Pylon  
  173  12:13  Pylon  
  173  12:15  Pylon  
  170  12:33  Zealot x3  
  170  12:34  Zealot x4  
  184  12:47  Probe x2  
  184  12:48  Probe  
  184  12:49  Photon Cannon  
  187  12:55  High Templar x5  
  187  12:56  High Templar  
  199  13:00  Archon x2  
  199  13:01  Archon  
  199  13:10  Photon Cannon  
  195  13:18  Zealot x2  
  195  13:19  Zealot x2  
  125  13:27  Zealot x3  
  125  13:28  Zealot x3  
Tags
 
Add a new tag
Caveats
  • Supply blocks, unpowered buildings, or Contaminate may cause inaccurate times.
  • Supply counts are checked every 10 seconds.